 Dungeon Crawl Stone Soup version 0.23.0-3-gf3c87f2 (webtiles) character file.

Game seed: 278314472088318339

835 zishaf the Sneak (level 8, -1/48 HPs)
             Began as a Kobold Artificer on Feb 20, 2019.
             Slain by an orc warrior
             ... wielding a +0 mace
              (19 damage)
             ... on level 5 of the Dungeon.
             The game lasted 00:10:21 (5628 turns).

zishaf the Sneak (Kobold Artificer)                 Turns: 5628, Time: 00:10:22

Health: -1/48      AC:  8    Str: 11    XL:     8   Next: 18%
Magic:  11/11      EV: 15    Int: 17    God:
Gold:   318        SH:  0    Dex: 19    Spells: 7/7 levels left

rFire    + . .     SeeInvis .   y - +2 hand axe "Rarojit" {chop, Int+4 Dex-2 Stlth+} (curse)
rCold    . . .     Gourm    .   (shield restricted)
rNeg     . . .     Faith    .   u - +3 ring mail {rF+}
rPois    .         Spirit   .   (no helmet)
rElec    .         Reflect  .   (no cloak)
rCorr    .         Harm     .   (no gloves)
MR       .....     Rnd*Tele +   (no boots)
Stlth    ++++......             (no amulet)
HPRegen  0.16/turn              o - +6 ring of dexterity
MPRegen  0.12/turn              v - ring of teleportation (curse)

@: no status effects
A: small, carnivore
a: no special abilities


You were on level 5 of the Dungeon.
You were completely stuffed.

You visited 1 branch of the dungeon, and saw 6 of its levels.

You collected 318 gold pieces.

Inventory:

Hand Weapons
 a - a +3 dagger
 x - the +9 hand crossbow of Rotation {velocity, rF+ rN+ Int+4 Stlth-, unknown}
   (You found it on level 5 of the Dungeon)

   Any bolt fired from it inflicts extra damage.
   It affects your intelligence (+4).
   It protects you from fire.
   It protects you from negative energy.
   It makes you less stealthy.
 y - the cursed +2 hand axe "Rarojit" (weapon) {chop, Int+4 Dex-2 Stlth+}
   (You found it on level 5 of the Dungeon)

   It inflicts extra damage upon your enemies.
   It affects your intelligence (+4).
   It affects your dexterity (-2).
   It makes you more stealthy.
   It has a curse placed upon it.
Missiles
 i - 172 stones
 m - 39 poisoned needles
 q - 27 bolts
 r - 3 tomahawks of returning (quivered)
 w - 3 tomahawks
Armour
 h - the +6 plate armour "Sikheuj" {Dex+3 Stlth+}
   (You found it on level 5 of the Dungeon)

   It affects your dexterity (+3).
   It makes you more stealthy.
 u - a +3 ring mail of fire resistance (worn)
Jewellery
 g - an uncursed ring of fire
 n - an uncursed ring of magical power {unknown}
 o - a +6 ring of dexterity (left hand)
 v - a cursed ring of teleportation (right hand)
Wands
 d - a wand of enslavement (14)
 e - a wand of random effects (12)
Scrolls
 j - a scroll of enchant armour
 k - 8 scrolls of teleportation
 B - 2 scrolls of fear
 C - a scroll of fog
Potions
 b - a potion of magic
 l - a potion of heal wounds {unknown}
 p - a potion of might {unknown}
 s - 2 potions of ambrosia
 t - a potion of haste
 z - a potion of curing {unknown}
 A - a potion of cancellation {unknown}
Comestibles
 f - 13 rations
 D - 2 chunks of flesh


   Skills:
 + Level 4.1 Fighting
 + Level 5.2 Short Blades
 + Level 2.7 Armour
 - Level 4.3 Dodging
 + Level 5.4 Stealth
 - Level 5.0 Evocations


You had 7 spell levels left.
You didn't know any spells.
Your spell library was empty.

Dungeon Overview and Level Annotations

Branches:
Dungeon (6/15)
 Temple: D:4-7

Altars:


Innate Abilities, Weirdness & Mutations

You are small and have problems with some larger weapons.
You are carnivorous and can eat meat at any time.


Message History

Press: ? - help, Shift-Dir - straight line, f/p - orc warrior
Aim: an orc warrior, wielding a +0 mace and wearing a +0 chain mail (severely wounded)
The puff of flame misses the orc warrior.
The orc warrior hits you with a +0 mace!
Evoke which item? (* to show all) (? for menu, Esc to quit)
Aiming: Random Effects
Press: ? - help, Shift-Dir - straight line, f/p - orc warrior
Aim: an orc warrior, wielding a +0 mace and wearing a +0 chain mail (severely wounded)
The puff of flame misses the orc warrior.
The orc warrior misses you.
Some of the chunks of flesh in your inventory have rotted away.
Evoke which item? (* to show all) (? for menu, Esc to quit)
Aiming: Random Effects
Press: ? - help, Shift-Dir - straight line, f/p - orc warrior
Aim: an orc warrior, wielding a +0 mace and wearing a +0 chain mail (severely wounded)
The fireball explodes!
The fireball engulfs the orc warrior!
The orc warrior is almost dead.
The fireball engulfs you. You resist.
The orc warrior hits you with a +0 mace!!
You die...

.# #.....# #.........#..
.#
#.....################..
.#
#...........#.......##'#
.#
#...........#.......#...
.#
#...........#.......#...
.#
#...........#.......#...
.#
#...........######..##..
.#
#######'#........#..##'#
.#
#.....o@#........#......
.#
#.......#........#......
.#
#.......#....<...#......
.#
#.......+.......)#......
.#
#.......#........#......
.#
#.......#........##'####
.#
####'####...............
.#
##.....##########.......
.#
#...............#.......


You could see an orc warrior.

Vanquished Creatures
  2 ogres
  3 centaurs
  A scorpion (D:4)
  A quasit (D:4)
  A jelly (D:5)
  3 orc wizards
  3 worker ants
  6 adders
  A shadow imp (D:5)
  An ooze (D:3)
  An adder skeleton (D:4)
  4 worms
  A dart slug (D:4)
  3 leopard geckos (D:3)
  10 orcs
  8 giant cockroaches
  8 hobgoblins
  2 quokkas (D:2)
  4 ball pythons
  4 bats
  5 frilled lizards
  4 goblins
  9 kobolds
  9 rats
94 creatures vanquished.

Vanquished Creatures (collateral kills)
  2 orcs (D:3)
2 creatures vanquished.

Grand Total: 96 creatures vanquished

Notes
Turn   | Place    | Note
-------+----------+-------------------------------------------
     0 | D:1      | zishaf the Kobold Artificer began the quest for the Orb.
     0 | D:1      | Reached XP level 1. HP: 12/12 MP: 3/3
   248 | D:1      | Reached XP level 2. HP: 16/16 MP: 4/4
   743 | D:1      | Reached XP level 3. HP: 19/20 MP: 5/5
  1478 | D:2      | Reached XP level 4. HP: 16/26 MP: 7/7
  2485 | D:3      | Reached skill level 1 in Armour
  2510 | D:3      | Reached XP level 5. HP: 9/30 MP: 8/8
  3176 | D:3      | Noticed a centaur
  3194 | D:3      | Killed a centaur
  3194 | D:3      | Reached XP level 6. HP: 11/36 MP: 9/9
  3818 | D:4      | Noticed an ogre
  3820 | D:4      | Killed an ogre
  3820 | D:4      | Reached XP level 7. HP: 41/41 MP: 10/10
  4122 | D:5      | Entered Level 5 of the Dungeon
  4163 | D:5      | Got a faintly glowing hand axe
  4170 | D:4      | Identified the cursed +2 hand axe "Rarojit" {chop, Int+4
                  | Dex-2 Stlth+} (You found it on level 5 of the Dungeon)
  4193 | D:5      | Reached skill level 5 in Evocations
  4526 | D:5      | Got a smelly plate armour
  4547 | D:5      | Identified the +6 plate armour "Sikheuj" {Dex+3 Stlth+}
                  | (You found it on level 5 of the Dungeon)
  4924 | D:5      | Reached skill level 5 in Stealth
  4924 | D:5      | Reached XP level 8. HP: 14/48 MP: 11/11
  5213 | D:5      | Reached skill level 5 in Short Blades
  5218 | D:5      | Got a shimmering hand crossbow
  5628 | D:5      | Slain by an orc warrior

Skill      XL: |  1  2  3  4  5  6  7  8 |
---------------+-------------------------+-----
Short Blades   | 2 3 4 5 |  5.2
Stealth        | 2 3 4 5 |  5.4
Evocations     | 4 5 |  5.0
Fighting       | 2 3 4 |  4.1
Dodging        | 3 4 |  4.3
Armour         | 1 2 |  2.7

Action                   |  1- 3 |  4- 6 |  7- 9 || total
-------------------------+-------+-------+-------++-------
Melee: Short sword       |   106 |   136 |       ||   242
       Dagger            |       |    70 |       ||    70
       Hand axe          |       |       |    64 ||    64
Throw: Tomahawk          |    19 |    25 |       ||    44
       Stone             |     3 |       |       ||     3
Evoke: Wand              |       |     5 |    14 ||    19
  Use: Scroll            |       |     1 |     8 ||     9
 Stab: Sleeping          |     6 |     9 |     3 ||    18
  Eat: Chunk             |    10 |     8 |     6 ||    24
Armor: Scale mail        |    11 |       |       ||    11
       Leather armour    |     8 |       |       ||     8
       Ring mail         |    12 |    55 |    32 ||    99
Dodge: Dodged            |    77 |   126 |   109 ||   312
